 Dungeon Crawl Stone Soup version 0.24.0-123-gd5b16e6ec5 (webtiles) character file.

Game seed: 8501820128379884711, levelgen mode: deterministic

161 vishdafish the Charmwright (level 5, -1/48 HPs)
             Began as a Naga Skald on Dec 16, 2019.
             Slain by an orc priest
             ... wielding a +0 hand axe
              (3 damage)
             ... on level 3 of the Dungeon.
             The game lasted 00:03:30 (2058 turns).

vishdafish the Charmwright (Naga Skald)             Turns: 2058, Time: 00:03:30

Health: -1/48      AC:  6    Str: 15    XL:     5   Next: 42%
Magic:  5/8        EV:  8    Int: 13    God:
Gold:   32         SH:  0    Dex: 10    Spells: 7/8 levels left

rFire    . . .     SeeInvis +   a - +0 falchion
rCold    . . .     Gourm    .   (no shield)
rNeg     . . .     Faith    .   b - +0 leather armour
rPois    +         Spirit   .   h - +1 helmet
rElec    .         Reflect  .   (no cloak)
rCorr    .         Harm     .   j - +0 pair of gloves
MR       .....                  (no barding)
Stlth    +.........             (no amulet)
HPRegen  0.16/turn              (no ring)
MPRegen  0.11/turn              (no ring)

@: infused (expiring), very slightly contaminated, heavily drained, very slow
A: large, see invisible, deformed body, poison resistance, slowness 2, slow
metabolism 1, spit poison 1, AC +1
a: Spit Poison


You were on level 3 of the Dungeon.
You were not hungry.

You visited 1 branch of the dungeon, and saw 3 of its levels.

You collected 32 gold pieces.

Inventory:

Hand Weapons
 a - a +0 falchion (weapon)
Armour
 b - a +0 leather armour (worn)
 h - a +1 helmet (worn)
 j - a +0 pair of gloves (worn)
Scrolls
 g - 3 scrolls of enchant weapon {unknown}
 i - 3 scrolls of amnesia {unknown}
 k - a scroll of identify {unknown}
 l - 2 scrolls of fear {unknown}
 n - a scroll of immolation {unknown}
 p - a scroll of noise {unknown}
 q - a scroll of magic mapping {unknown}
 t - a scroll of random uselessness {unknown}
Potions
 c - 6 potions of ambrosia {unknown}
 e - a potion of mutation {unknown}
 f - a potion of might {unknown}
 m - a potion of haste {unknown}
 o - 2 potions of lignification {unknown}
 r - 2 potions of brilliance {unknown}
 s - a potion of curing {unknown}
Comestibles
 d - 3 rations


   Skills:
 + Level 2.8(0.6) Fighting
 + Level 2.9(0.7) Long Blades
 + Level 1.7(0.0) Armour
 + Level 2.3(0.1) Dodging
 - Level 2.0(0.0) Spellcasting
 + Level 3.9(1.6) Charms


You had 7 spell levels left.
You knew the following spells:

 Your Spells              Type           Power        Failure   Level  Hunger
a - Infusion              Chrm           #...         21%         1    ##.....

Your spell library contained the following spells:

 Spells                   Type           Power        Failure   Level  Hunger
 Song of Slaying          Chrm           #.......     30%         2    ###....
 Shroud of Golubria       Chrm/Tloc      #.....       38%         2    ###....
 Regeneration             Chrm/Necr      #.........   63%         3    ####...
 Spectral Weapon          Hex/Chrm       #.......     63%         3    ####...


Dungeon Overview and Level Annotations

Branches:
Dungeon (3/15)

Altars:
Kikubaaqudgha
The Shining One


Innate Abilities, Weirdness & Mutations

You cannot wear boots.
Your serpentine skin is tough. (AC +1)
You have supernaturally acute eyesight. (SInv)
Armour fits poorly on your strangely shaped body.
Your system is resistant to poisons. (rPois)
You cover ground very slowly.
You have a slow metabolism.
You can spit poison.


Message History

* * * LOW HITPOINT WARNING * * *
The orc hits you but does no damage.
You hit the orc priest but do no damage.
The orc priest is heavily wounded.
Your magical infusion is running out.
The orc priest calls down the wrath of Beogh upon you.
You struggle to resist.
The orc closely misses you.
You barely miss the orc priest.
The orc priest is heavily wounded.
The orc priest hits you with a +0 hand axe.
* * * LOW HITPOINT WARNING * * *
The orc hits you but does no damage. The orc priest misses you.
You riposte.
You closely miss the orc priest.
The orc priest is heavily wounded.
You hit the orc priest but do no damage.
The orc priest is heavily wounded.
The orc hits you with a +0 short sword.
* * * LOW HITPOINT WARNING * * *
The orc priest hits you with a +0 hand axe.
You die...

#.#.........
#.#.....oo..
###...###..###
#....## ..#
#.#.## #..#
###(..## #...
#......##..##
#.#.#........
#@o......#.##
...####o#......#
.......o####).##
...####)##..).#
#.##)##.# .
#.##.##.# ...
#.......# #
.....###o.#####.
................


You could see an orc priest and 2 orcs.

Vanquished Creatures
  2 orc wizards (D:3)
  5 adders
  An ooze (D:1)
  A dart slug (D:1)
  12 orcs (D:3)
  3 ball pythons
  6 hobgoblins
  2 jackals (D:2)
  A quokka (D:2)
  A bat (D:1)
  6 frilled lizards (D:1)
  2 goblins
  7 kobolds
  5 rats
54 creatures vanquished.

Notes
Turn   | Place    | Note
-------+----------+-------------------------------------------
     0 | D:1      | vishdafish the Naga Skald began the quest for the Orb.
     0 | D:1      | Reached XP level 1. HP: 19/19 MP: 3/3
    30 | D:1      | Reached XP level 2. HP: 10/26 MP: 5/5
   442 | D:1      | Reached skill level 1 in Armour
   565 | D:1      | Reached XP level 3. HP: 31/32 MP: 6/6
   984 | D:2      | Found an ancient bone altar of Kikubaaqudgha.
  1147 | D:2      | Reached XP level 4. HP: 40/40 MP: 7/7
  1153 | D:2      | Found a glowing golden altar of the Shining One.
  1680 | D:3      | Reached XP level 5. HP: 19/46 MP: 1/8
  2058 | D:3      | HP: 2/48 [orc/+0 short sword (4)]
  2058 | D:3      | Slain by an orc priest

Levels and vault maps discovered:
D:1:      onia_arrival_handbag, layout_loops_ring, st_stairs_11,
          bh_walls_and_bars
D:2:      layout_basic, tso_metal_star, kiku_gazebo_pond_becter
D:3:      layout_loops_cross, palyth_stone_intersect, uniq_sigmund, uniq_ijyb

Skill      XL: |  1  2  3 |
---------------+----------+-----
Armour         | 1 |  1.7
Dodging        | 2 |  2.3
Fighting       | |  2.8
Long Blades    | |  2.9
Spellcasting   | |  2.0
Charms         | |  3.9

Action                   |  1- 3 |  4- 6 || total
-------------------------+-------+-------++-------
Melee: Falchion          |    97 |   113 ||   210
 Cast: Infusion          |     1 |     4 ||     5
 Abil: Spit Poison       |     1 |     1 ||     2
  Eat: Chunk             |       |     3 ||     3
Armor: Leather armour    |    47 |    49 ||    96
Dodge: Dodged            |    65 |    54 ||   119
       Rpst.: Falchion   |    21 |    15 ||    36
